 Dungeon Crawl Stone Soup version 0.18.1-8-gdd0e5ea (webtiles) character file.

9 jacquesderrida the Charmwright (level 2, 1/22 HPs)
             Began as a Demonspawn Skald on May 28, 2016.
             Quit the game on level 1 of the Dungeon.
             The game lasted 00:00:22 (142 turns).

jacquesderrida the Charmwright (Demonspawn Skald)    Turns: 142, Time: 00:00:23

Health: 1/22       AC:  3    Str: 10 (12) XL:     2   Next: 3%
Magic:  5/5        EV: 11    Int: 17 (18) God:
Gold:   19         SH:  0    Dex:  9 (12) Spells: 1 memorised, 4 levels left

rFire  + . .     SeeInvis .     a - +0 spear
rCold  x . .     Gourm    .     b - +0 leather armour
rNeg   . . .     Faith    .     (no shield)
rPois  .         Spirit   .     (no helmet)
rElec  .         Dismiss  .     (no cloak)
rCorr  .         Reflect  .     (no gloves)
SustAt .         Harm     .     (no boots)
MR     +....                    (no amulet)
Stlth  +.........               (no ring)
                                h - ring of fire

@: brilliant, somewhat resistant to hostile enchantments, very unstealthy
A: demonic guardian 1, magic resistance 1
a: no special abilities


You were on level 1 of the Dungeon.
You were not hungry.

You visited 1 branch of the dungeon, and saw 1 of its levels.

You collected 19 gold pieces.

Inventory:

Hand Weapons
 a - a +0 spear (weapon)
Armour
 b - a +0 leather armour (worn)
Jewellery
 h - a ring of fire (left hand)
Scrolls
 f - a scroll of identify {unknown}
Books
 c - a book of Battle

   Spells                             Type                      Level
   a - Infusion                       Charms                       1
   b - Shroud of Golubria             Charms/Translocation         2
   c - Song of Slaying                Charms                       2
   d - Spectral Weapon                Hexes/Charms                 3
   e - Regeneration                   Charms/Necromancy            3
Comestibles
 d - a bread ration


   Skills:
 + Level 2.1 Fighting
 + Level 1.8 Polearms
 + Level 1.1 Armour
 + Level 1.0 Dodging
 + Level 2.0 Spellcasting
 + Level 3.0 Charms


You had 4 spell levels left.
You knew the following spells:

 Your Spells              Type           Power        Failure   Level  Hunger
a - Infusion              Chrm           ###.         1%          1    #......


Dungeon Overview and Level Annotations

Branches:
Dungeon (1/15)

Altars:


Innate Abilities, Weirdness & Mutations

A weak demonic guardian rushes to your aid.
You are resistant to hostile enchantments.


Message History

The kobold hits you.
* * * LOW HITPOINT WARNING * * *
Drink which item? (? for menu, Esc to quit)
It was a potion of degeneration.
There was something very wrong with that liquid.
You feel weakened.
You feel dopey.
You feel clumsy. The kobold barely misses you. The hobgoblin barely misses you.
Drink which item? (? for menu, Esc to quit)
It was a potion of beneficial mutation.
You feel resistant to hostile enchantments.
You feel fantastic! The kobold hits you.
* * * LOW HITPOINT WARNING * * *
The hobgoblin closely misses you.
You hit the kobold.
You kill the kobold!
You have reached level 2!
Your demonic ancestry asserts itself...
You feel the presence of a demonic guardian.
The hobgoblin completely misses you.
Are you sure you want to abandon this character and quit the game? (Confirm with "yes".)

.............
#.............
###..............
................
#...[..........
#..............
+....g......... ....
#....@........ ....
#.........#.. .....
#..?......# .....
#.......(.#######.....
#.....................
#.....................
#................#
###########....###
#...........####


You could see a hobgoblin.

Vanquished Creatures
  A dart slug (D:1)
  2 bats (D:1)
  A hobgoblin (D:1)
  A kobold (D:1)
  A giant newt (D:1)
  A rat (D:1)
7 creatures vanquished.

Notes
Turn   | Place    | Note
--------------------------------------------------------------
     0 | D:1      | jacquesderrida the Demonspawn Skald began the quest for the Orb.
     0 | D:1      | Reached XP level 1. HP: 16/16 MP: 3/3
    62 | D:1      | Reached skill level 1 in Dodging
   107 | D:1      | Reached skill level 1 in Armour
   111 | D:1      | Reached skill level 3 in Charms
   140 | D:1      | Gained mutation: You are resistant to hostile enchantments. [potion of beneficial mutation]
   141 | D:1      | Gained mutation: A weak demonic guardian rushes to your aid. [demonic ancestry]
   141 | D:1      | Reached XP level 2. HP: 1/22 MP: 5/5
   142 | D:1      | Quit the game

Skill      XL: |  1 |
---------------+----+-----
Dodging        | 1 |  1.0
Armour         | 1 |  1.1
Charms         | 3 |  3.0
Fighting       | |  2.1
Polearms       | |  1.8
Spellcasting   | |  2.0

Action                   || total
-------------------------++-------
Melee: Spear             ||    22
  Use: Potion            ||     3
Armor: Leather armour    ||     7
Dodge: Dodged            ||    10
